 Dungeon Crawl Stone Soup version 0.24.0-41-g2ae2f7f1be (webtiles) character file.

Game seed: 11582725358058333000, levelgen mode: deterministic

16923 Gartch the Destroyer (level 12, -1/106 HPs)
             Began as a Black Draconian Fire Elementalist on Dec 5, 2019.
             Was a Believer of Vehumet.
             Slain by a black mamba (14 damage)
             ... on level 4 of the Lair of Beasts on Dec 9, 2019.
             The game lasted 02:01:48 (17995 turns).

Gartch the Destroyer (DrFE)                        Turns: 17995, Time: 02:01:49

Health: -1/106     AC:  9    Str: 10    XL:     12   Next: 14%
Magic:  14/23      EV: 16    Int: 21    God:    Vehumet [**....]
Gold:   718        SH:  0    Dex: 12    Spells: 13/26 levels left

rFire    . . .     SeeInvis .   z - +2 dagger (vamp)
rCold    . . .     Gourm    .   (no shield)
rNeg     . . .     Faith    .   (armour unavailable)
rPois    .         Spirit   .   (helmet restricted)
rElec    +         Reflect  .   (no cloak)
rCorr    .         Harm     .   (no gloves)
MR       .....                  x - +0 pair of boots
Stlth    ++........             (no amulet)
HPRegen  0.27/turn              (no ring)
MPRegen  0.18/turn              (no ring)

@: lethally poisoned (-1 -> -49)
A: breathe lightning, unfitting armour, electricity resistance, cold-blooded, AC
+8
a: Breathe Lightning, Renounce Religion


You were on level 4 of the Lair of Beasts.
You worshipped Vehumet.
Vehumet was pleased with you.
You were not hungry.

You visited 2 branches of the dungeon, and saw 12 of its levels.
You also visited: Sewer.

You collected 718 gold pieces.

Inventory:

Hand Weapons
 c - a +0 dagger of draining
 d - a +0 hand crossbow of flaming
 v - a +0 flail of holy wrath
 z - a +2 vampiric dagger (weapon)
 B - a +2 whip of electrocution
 X - a +2 broad axe of freezing
Missiles
 f - 75 bolts
Armour
 x - a +0 pair of boots (worn)
Jewellery
 a - an uncursed ring of wizardry {unknown}
 t - a +3 ring of evasion {unknown}
 u - a +3 ring of strength {unknown}
 G - an uncursed ring of fire {unknown}
 K - an uncursed ring of positive energy {unknown}
 L - an uncursed ring of see invisible {unknown}
 N - the amulet of Vackan {Acrobat Fragile rPois MR++, unknown}
   (You found it on level 7 of the Dungeon)

   [amulet of the acrobat]

   It helps you evade while moving and waiting.
   It protects you from poison.
   It affects your resistance to hostile enchantments.
   It will be destroyed if unequipped.
 O - the ring of the Griffon {*Tele Str+2, unknown}
   (You found it on level 7 of the Dungeon)

   [ring of teleportation]

   It may teleport you next to monsters.
   It affects your strength (+2).
 P - a +6 ring of evasion {unknown}
 V - an uncursed ring of magical power {unknown}
Wands
 g - a wand of flame (30)
 E - a wand of enslavement (12)
 I - a wand of paralysis (14)
 T - a wand of iceblast (11)
 Z - a wand of disintegration (13)
Scrolls
 e - 2 scrolls of teleportation
 h - a scroll of fog {unknown}
 j - a scroll of blinking {unknown}
 m - 2 scrolls of fear {unknown}
 n - 2 scrolls of enchant armour {unknown}
 p - 2 scrolls of immolation {unknown}
 q - a scroll of noise {unknown}
 A - a scroll of magic mapping
 H - 3 scrolls of remove curse {unknown}
 Q - 2 scrolls of acquirement {unknown}
 R - a scroll of silence {unknown}
 S - 2 scrolls of amnesia
 W - a scroll of enchant weapon {unknown}
Potions
 i - 3 potions of heal wounds
 l - 2 potions of flight
 o - a potion of brilliance
 s - a potion of ambrosia
 C - 2 potions of degeneration {unknown}
 D - 3 potions of might
 F - 2 potions of invisibility
 J - 5 potions of curing
 M - a potion of haste {unknown}
 U - 2 potions of mutation {unknown}
Comestibles
 b - 13 rations


   Skills:
 - Level 10.0 Fighting
 + Level 7.2 Dodging
 - Level 1.7 Stealth
 - Level 7.5 Spellcasting
 - Level 11.5 Conjurations
 - Level 10.3 Fire Magic
   Level 5.9 Air Magic


You had 13 spell levels left.
You knew the following spells:

 Your Spells              Type           Power        Failure   Level  Hunger
a - Flame Tongue          Conj/Fire      #####        1%          1    None
b - Conjure Flame         Conj/Fire      ######..     1%          3    None
c - Fireball              Conj/Fire      ######....   2%          5    #####..
d - Sticky Flame          Conj/Fire      ######..     1%          4    ###....

Your spell library contained the following spells:

 Spells                   Type           Power        Failure   Level  Hunger
 Sandblast                Erth           #.....       9%          1    None
 Throw Flame              Conj/Fire      ######       1%          2    None
 Inner Flame              Hex/Fire       ####....     3%          3    None
 Animate Skeleton         Necr           N/A          9%          1    None
 Pain                     Necr           #...         9%          1    None
 Summon Butterflies       Summ           #.......     9%          1    None
 Irradiate                Conj/Tmut      ####......   22%         5    #####..
 Call Canine Familiar     Summ           #.......     26%         3    None
 Regeneration             Chrm/Necr      #.........   26%         3    None
 Vampiric Draining        Necr           #.........   26%         3    None
 Animate Dead             Necr           N/A          63%         4    ###....
 Summon Ice Beast         Ice/Summ       #.......     63%         4    ###....
 Summon Mana Viper        Hex/Summ       #.......     93%         5    #####..
 Hydra Form               Tmut           #.........   100%        6    ######.
 Statue Form              Tmut/Erth      #........    100%        6    ######.
 Dragon Form              Tmut           #.........   100%        7    #######
 Summon Hydra             Summ           #.........   100%        7    #######


Dungeon Overview and Level Annotations

Branches:
Dungeon (8/15)             Temple (0/1) D:6            Lair (4/6) D:8
  Swamp (0/4) Lair:2        Snake (0/4) Lair:2        Sewer (visited)

Altars:
Cheibriados
Elyvilon
Makhleb
Okawaru
Qazlal
Ru
Sif Muna
Trog
Uskayaw
Vehumet
Wu Jian

Shops:
D:8 :

Annotations:
D:3 Sigmund
D:5 exclusions: orc priest, orc wizard and sky beast
D:6 Edmund
Lair:1 exclusion: oklob plant
Lair:2 exclusions: hydra and lindwurm


Innate Abilities, Weirdness & Mutations

You can breathe wild blasts of lightning.
Your glossy black scales are hard. (AC +8)
You cannot fit into any form of body armour.
You are resistant to electric shocks. (rElec)
You are cold-blooded and may be slowed by cold attacks.


Message History

The polar bear claws you but does no damage.
* * * LOW HITPOINT WARNING * * *
You feel sick.
The polar bear is no longer berserk.
The black mamba misses you.
Okay, then.
* * * LOW HITPOINT WARNING * * *
You feel sick. The black mamba bites you!
* * * LOW HITPOINT WARNING * * *
You are more poisoned.
The black mamba poisons you! The black mamba barely misses you.
Okay, then.
You feel much better.
* * * LOW HITPOINT WARNING * * *
You feel very sick. The black mamba barely misses you.
The black mamba bites you.
* * * LOW HITPOINT WARNING * * *
You are more poisoned.
The black mamba poisons you!
The blink frog blinks!
The black mamba bites you!
* * * LOW HITPOINT WARNING * * *
The black mamba bites you!
You die...

.. #.................P#
#.####P................# ### ##
... #................####.#####.
##.. ###.........#.........#.##..
...## #.............(...........
#..# ♣.♣♣..........####.##..... #
#..#♣P.♣♣....#...### #####.#..
.##P..♣P.P♣#####..†.# ### ##...
..#...♣P..♣ ##Y@.#.# ##.# #...
.P....♣♣..♣###.SS.#.###.## ##..
.....♣♣♣.♣♣#P..hh........### #..
.....# P.P♣...Y........>...# #..
.....♣ P.P♣...........
......##.#♣P.....F.............#.
.........##..................#.##


You could see an elephant, 2 polar bears, 2 black mambas, 2 yaks and a blink
frog.

Vanquished Creatures
  2 hydras (Lair:1)
  Pikel (D:4)
  An elephant (Lair:4)
  4 black mambas
  A torpor snail (Lair:4)
  4 spiny frogs
  4 blink frogs (Lair:3)
  3 hippogriffs
  11 yaks
  2 wyverns
  Eustachio (D:4)
  Grum (Lair:1)
  Menkaure (D:7)
  7 nagas (Lair:2)
  6 water moccasins
  4 porcupines
  A slave (D:4)
  9 wolves
  An ogre (D:7)
  3 crocodiles
  2 big kobolds
  11 bullfrogs
  A water moccasin skeleton (D:6)
  4 howler monkeys
  An electric eel (Lair:3)
  4 crimson imps
  4 hounds
  An orc priest (D:6)
  6 orc wizards
  A bullfrog skeleton (D:8)
  An iguana (D:5)
  Natasha (thrice) (D:3)
  4 worker ants
  A howler monkey zombie (D:7)
  Robin (D:3)
  A worker ant zombie (D:5)
  7 gnolls
  4 river rats
  6 adders
  2 shadow imps
  An adder skeleton (D:8)
  2 adder zombies
  5 worms
  3 leopard geckos
  7 orcs
  2 ball pythons
  3 giant cockroaches
  19 goblins
  8 hobgoblins
  22 jackals
  15 kobolds
  2 quokkas (D:6)
  6 bats
  3 frilled lizards
  A jackal skeleton (D:7)
  A quokka zombie (D:7)
  8 rats
240 creatures vanquished.

Vanquished Creatures (others)
  A quokka (D:7)
  8 fungi
  9 plants
18 creatures vanquished.

Grand Total: 258 creatures vanquished

Notes
Turn   | Place    | Note
-------+----------+-------------------------------------------
     0 | D:1      | Gartch the Draconian Fire Elementalist began the quest for
                  | the Orb.
     0 | D:1      | Reached XP level 1. HP: 14/14 MP: 3/3
   211 | D:1      | Reached skill level 2 in Conjurations
   443 | D:1      | Reached XP level 2. HP: 20/20 MP: 1/5
  1067 | D:2      | Found a bloodstained altar of Trog.
  1151 | D:2      | Reached skill level 3 in Conjurations
  1159 | D:2      | Reached XP level 3. HP: 26/26 MP: 1/6
  1514 | D:2      | Found an ornate altar of the Wu Jian Council.
  2160 | D:2      | Reached XP level 4. HP: 33/33 MP: 1/7
  2331 | D:2      | Reached skill level 4 in Conjurations
  2646 | D:3      | Noticed Robin
  2929 | D:3      | Found a glowing drain.
  3013 | Sewer    | Entered a sewer
  3032 | Sewer    | Learned a level 3 spell: Conjure Flame
  3188 | Sewer    | Noticed a big kobold
  3222 | Sewer    | Killed a big kobold
  3222 | Sewer    | Reached XP level 5. HP: 38/38 MP: 3/8
  3699 | Sewer    | Found a glowing silver altar of Zin.
  3838 | D:3      | Reached skill level 5 in Conjurations
  3974 | D:3      | Found a sacrificial altar of Ru.
  3977 | D:3      | Noticed Natasha
  3979 | D:3      | Killed Natasha
  3979 | D:3      | Reached XP level 6. HP: 45/45 MP: 7/9
  3984 | D:3      | Noticed Natasha
  3991 | D:3      | Killed Natasha
  4136 | D:3      | Noticed Natasha
  4150 | D:3      | Killed Natasha
  4150 | D:3      | Reached skill level 5 in Fire Magic
  4260 | D:3      | Killed Robin
  4354 | D:3      | Noticed Sigmund
  5313 | D:4      | Reached skill level 6 in Conjurations
  5313 | D:4      | Your scales start taking on a glossy black colour.
  5313 | D:4      | Reached XP level 7. HP: 48/50 MP: 2/10
  5313 | D:4      | Gained mutation: You are resistant to electric shocks.
                  | (rElec) [Black Draconian growth]
  5433 | D:4      | Noticed Pikel
  5703 | D:4      | Found a burning altar of Makhleb.
  5976 | D:4      | Noticed Eustachio
  6279 | D:4      | Killed Pikel
  6279 | D:4      | Reached XP level 8. HP: 41/57 MP: 2/11
  6519 | D:4      | Killed Eustachio
  6583 | D:5      | Entered Level 5 of the Dungeon
  6611 | D:5      | Found a radiant altar of Vehumet.
  6723 | D:5      | Became a worshipper of Vehumet
  6913 | D:5      | Reached skill level 11 in Conjurations
  6913 | D:5      | Reached skill level 10 in Fire Magic
  6913 | D:5      | Reached XP level 9. HP: 67/67 MP: 12/12
  6920 | D:5      | Learned a level 5 spell: Fireball
  7380 | D:5      | Found a stormy altar of Qazlal.
  7743 | D:5      | Found a radiant altar of Vehumet.
  8138 | D:6      | Reached skill level 5 in Air Magic
  8138 | D:6      | Reached XP level 10. HP: 73/73 MP: 10/20
  8323 | D:6      | Found a staircase to the Ecumenical Temple.
  8503 | D:6      | Found a shimmering blue altar of Sif Muna.
  8584 | D:6      | Noticed Edmund
  8792 | D:6      | Learned a level 4 spell: Sticky Flame
  9104 | D:7      | Noticed a +0 dagger
  9105 | D:7      | Noticed a +0 dagger
  9106 | D:7      | Found a hide-covered altar of Uskayaw.
  9155 | D:7      | Noticed Menkaure
  9157 | D:7      | Killed Menkaure
  9191 | D:7      | Reached * piety under Vehumet
  9191 | D:7      | Offered knowledge of Freeze by Vehumet.
  9296 | D:7      | Found a snail-covered altar of Cheibriados.
  9382 | D:7      | Got a warped iron amulet
  9391 | D:7      | Got a pitted iron ring
  9476 | D:7      | Found a white marble altar of Elyvilon.
  9949 | D:8      | Found a stormy altar of Qazlal.
 10523 | D:8      | Found Reat's Book Emporium.
 10720 | D:8      | Found a staircase to the Lair.
 10752 | Lair:1   | Entered Level 1 of the Lair of Beasts
 10865 | Lair:1   | Noticed a black mamba
 10884 | Lair:1   | Killed a black mamba
 11432 | Lair:1   | Noticed Grum
 11437 | Lair:1   | Killed Grum
 11609 | Lair:1   | Noticed a four-headed hydra
 11651 | Lair:1   | Reached skill level 5 in Fighting
 11762 | Lair:1   | Killed a four-headed hydra
 11762 | Lair:1   | Reached XP level 11. HP: 88/88 MP: 1/22
 11912 | Lair:1   | Found an iron altar of Okawaru.
 11915 | Lair:1   | Noticed an oklob plant
 12180 | Lair:1   | Noticed a five-headed hydra
 12227 | Lair:1   | Killed a five-headed hydra
 12801 | Lair:1   | Reached skill level 5 in Dodging
 12958 | Lair:2   | Reached ** piety under Vehumet
 13174 | Lair:2   | Offered knowledge of Sandblast by Vehumet.
 13869 | Lair:2   | Found a staircase to the Snake Pit.
 14004 | Lair:2   | Upgraded the game from 0.24.0-37-gcf1ca852f1 to
                  | 0.24.0-41-g2ae2f7f1be
 14148 | Lair:2   | Found a staircase to the Swamp.
 14652 | Lair:2   | Noticed a lindwurm
 14726 | Lair:2   | Noticed a seven-headed hydra
 16944 | Lair:4   | Reached XP level 12. HP: 104/104 MP: 18/23
 17660 | Lair:4   | Reached skill level 10 in Fighting
 17995 | Lair:4   | Slain by a black mamba

Levels and vault maps discovered:
D:1:      psy_arrival_whirlpool, layout_basic
D:2:      layout_basic, lemuel_crystal_altar, bloody_trog,
          corexii_hall_statues_x
D:3:      layout_loops_ring, nicolae_ru_awakened_eye, lightli_sewer_entry_pipes,
          uniq_natasha, uniq_sigmund, uniq_robin
D:4:      layout_basic, nicolae_overflow_crystal_walls, uniq_pikel,
          uniq_eustachio
D:5:      layout_loops_ring, nicolae_qazlal_general_emergency,
          kennysheep_mini_moat, first_ration, minmay_holes,
          vehumet_altar_wand_db
D:6:      layout_rooms, lemuel_blue_sif_altar, minmay_temple_entry_large_hall,
          small_statue_intersection, grunt_ministairs_6, uniq_edmund
D:7:      layout_loops_ring, elyvilon_altar_4, dancing_weapons_uskayaw,
          basic_altar, uniq_menkaure
D:8:      layout_basic, kennysheep_little_box, dpeg_oklobed_lair, serial_shops,
          shop, basic_altar, uniq_prince_ribbit1
Lair:1:   layout_roguey, basic_altar, minmay_lair_oklob_chamber,
          grunt_megastairs_3, uniq_grum
Lair:2:   layout_regular_city, swamp_mist_pool,
          minmay_snake_entry_guardpost_medium, nicolae_volcano_entry_vermiform,
          grunt_megastairs_1, serial_bayou_shore_b
Lair:3:   layout_cave_pods, lemuel_fruit_tree, serial_bayou_shore_a
Lair:4:   layout_cave_pods, serial_forest, infiniplex_forest_straight_5,
          infiniplex_forest_pool, infiniplex_forest_side_room,
          infiniplex_forest_straight_2, infiniplex_forest_corner_1,
          infiniplex_forest_straight_5, serial_bayou_shore_b

Skill      XL: |  1  2  3  4  5  6  7  8  9 10 11 12 |
---------------+-------------------------------------+-----
Conjurations   | 2 3 4 5 6 11 | 11.5
Fire Magic     | 4 5 7 10 | 10.3
Fighting       | 2 5 9 10 | 10.0
Dodging        | 2 4 7 |  7.2
Spellcasting   | 7 |  7.5
Air Magic      | 5 |  5.9
Stealth        | |  1.7

Action                   |  1- 3 |  4- 6 |  7- 9 | 10-12 || total
-------------------------+-------+-------+-------+-------++-------
Melee: Dagger            |    17 |       |   181 |    71 ||   269
       Tailslap          |     3 |     9 |    22 |    14 ||    48
       Whip              |    27 |    54 |    14 |    94 ||   189
       Long sword        |       |     9 |    44 |       ||    53
 Cast: Flame Tongue      |    67 |    87 |    53 |   170 ||   377
       Conjure Flame     |       |     3 |     7 |    23 ||    33
       Fireball          |       |       |       |    33 ||    33
       Sticky Flame      |       |       |       |    45 ||    45
 Abil: Breathe Lightning |       |       |     2 |       ||     2
  Use: Scroll            |     2 |     3 |     2 |     4 ||    11
       Potion            |       |     1 |     3 |     1 ||     5
 Stab: Sleeping          |     3 |     4 |       |     4 ||    11
  Eat: Chunk             |     5 |     8 |     4 |    22 ||    39
       Ration            |       |     1 |     2 |     7 ||    10
Armor: Skin              |    29 |    24 |    92 |    82 ||   227
Dodge: Dodged            |    55 |    67 |   148 |   232 ||   502
       Rpst.: Long sword |       |     8 |    10 |       ||    18
